AoeStats
← SLTD.NinjaXXCrowXX

African Clearing

510923198Analyzed
3v3 RM · 8h ago on Oct 3, 2026· 59m 9s· 6 players
Game mode
Random Map
Map size
Normal (6 player)
Population
200
Speed
Normal
Resources
Standard
Victory
Conquest
Starting age
Dark Age
Ending age
Imperial Age
RankedLock teamsTeams togetherTeam positionsShared explorationLock speedFull tech treeHidden civsTurbo modeCheats
Victory
Defeat
🇲🇽 Varangians · Mexico
1372
+13
🇲🇽 Khmer · Mexico
1356
+13
🇲🇽 Saxons · Mexico
1340
+14
🇨🇦 Vikings · Canada
1315
-14
🇨🇴 Chinese · Colombia
1296
-13
🇺🇸 Danes · United States
1277
-13
SLTD.NinjaXXCrowXX
10:36 Loom
13:38 Feudal Age
17:59 Castle Age
16:20 Double-Bit Axe
17:03 Man-at-Arms
20:32 Husbandry
20:50 Bow Saw
25:56 Horse Collar
27:14 Fletching
28:52 Bodkin Arrow
29:44 Bloodlines
37:22 Ballistics
38:48 Gold Mining
41:34 Thumb Ring
48:50 Imperial Age
47:42 Wheelbarrow
48:52 Heavy Mounted Crossbowman
48:53 Cranequins
51:25 Bracer
51:28 Scale Mail Armor
51:41 Forging
51:59 Conscription
51:04 Capped Ram
52:24 Long Swordsman
52:50 Gambesons
53:05 Squires
52:51 Arson
54:19 Hand Cart
54:50 Two-Handed Swordsman
56:16 Iron Casting
55:58 Chain Mail Armor
55:32 Champion
56:34 Siege Ram
Frog
5:29 Loom
12:51 Feudal Age
14:49 Double-Bit Axe
20:02 Scale Mail Armor
23:50 Castle Age
22:45 Forging
23:22 Horse Collar
24:32 Fletching
24:58 Chain Mail Armor
24:46 Squires
24:25 Pikeman
25:30 Gold Mining
30:34 Arson
31:28 Heavy Plow
32:16 Town Watch
33:35 Iron Casting
36:12 Bow Saw
40:44 Stone Mining
45:23 Imperial Age
43:48 Bodkin Arrow
44:35 Gold Shaft Mining
44:17 Chieftains
45:36 Ballistics
45:13 Murder Holes
46:32 Conscription
47:25 Chemistry
51:32 Elite Berserk
52:45 Plate Mail Armor
56:00 Bracer
57:57 Blast Furnace
ACI jyarar
3:44 Loom
14:17 Feudal Age
17:53 Castle Age
17:23 Double-Bit Axe
24:36 Horse Collar
27:17 Fletching
31:57 Bodkin Arrow
33:37 Thumb Ring
34:27 Stone Mining
34:28 Gold Mining
40:25 Imperial Age
38:21 Ballistics
39:25 Bow Saw
42:01 Conscription
41:56 Bracer
44:20 Heavy Plow
44:45 Padded Archer Armor
45:50 Leather Archer Armor
47:14 Ring Archer Armor
48:23 Chemistry
52:55 Scale Barding Armor
54:05 Husbandry
54:15 Bloodlines
53:26 Cavalier
55:20 Chain Barding Armor
Dr. Sky
7:29 Loom
12:20 Feudal Age
13:19 Double-Bit Axe
15:13 Forging
19:27 Castle Age
18:19 Bloodlines
20:24 Husbandry
21:31 Scale Barding Armor
24:13 Chain Barding Armor
25:46 Iron Casting
28:52 Fletching
35:03 Horse Collar
42:16 Bodkin Arrow
42:20 Vendel Legacy
43:39 Wheelbarrow
42:49 Town Watch
43:42 Padded Archer Armor
45:09 Bow Saw
46:18 Leather Archer Armor
46:39 Ballistics
46:30 Masonry
50:56 Imperial Age
51:13 Hand Cart
52:14 Plate Barding Armor
51:01 Cavalier
52:04 Conscription
52:12 Heavy Plow
52:16 Bracer
52:52 Architecture
53:49 Blast Furnace
55:52 Light Cavalry
57:39 Hussar
SCP Faf
4:25 Loom
12:30 Feudal Age
12:50 Man-at-Arms
14:14 Double-Bit Axe
17:45 Forging
18:16 Scale Mail Armor
18:11 Arson
22:42 Castle Age
23:03 Scale Mail Armor
22:50 Pikeman
23:33 Squires
23:20 Gambesons
31:26 Fletching
33:20 Bodkin Arrow
34:37 Town Watch
37:07 Padded Archer Armor
38:36 Horse Collar
39:54 Heavy Plow
40:05 Bow Saw
43:49 Imperial Age
42:26 Wheelbarrow
43:10 Gold Mining
43:57 Leather Archer Armor
43:32 Elite Skirmisher
45:54 Bracer
47:21 Chemistry
47:53 Ring Archer Armor
49:15 Conscription
54:43 Iron Casting
55:15 Hand Cart
58:45 Chain Mail Armor
57:53 Shield Wall
58:29 Halberdier
[SCP] SkaZi
6:08 Loom
11:23 Feudal Age
13:34 Double-Bit Axe
17:01 Bloodlines
19:58 Wheelbarrow
23:44 Castle Age
24:41 Scale Barding Armor
24:47 Forging
25:33 Town Watch
28:11 Chain Barding Armor
34:05 Husbandry
34:41 Iron Casting
34:06 Horse Collar
35:11 Fletching
37:32 Bodkin Arrow
37:52 Heavy Plow
38:03 Bow Saw
43:34 Imperial Age
41:20 Hand Cart
43:26 Stone Mining
43:26 Gold Mining
44:23 Double Crossbow
44:43 Conscription
45:30 Cavalier
47:13 Gold Shaft Mining
47:14 Stone Shaft Mining
47:12 Crop Rotation
47:53 Ballistics
48:34 Chemistry
48:47 Plate Barding Armor
50:56 Bracer
50:56 Padded Archer Armor
50:40 Elite Skirmisher
53:16 Leather Archer Armor
54:48 Blast Furnace
55:00 Ring Archer Armor
57:17 Town Patrol
57:19 Scale Mail Armor
57:05 Light Cavalry
Connection lost

Rejoining the realm…

Still unreachable

The connection could not be restored.

Session expired

The server has moved on; the page needs a fresh start.